 Dungeon Crawl Stone Soup version 0.29-a0-819-g94b489e0ae (webtiles) character file.

Game seed: 9706190416060736995

469 kevlar127 the Ruffian (level 6, -3/63 HPs)
             Began as a Troll Berserker on July 7, 2022.
             Was a Believer of Trog.
             Slain by Menkaure (8 damage)
             ... on level 4 of the Dungeon.
             The game lasted 00:03:23 (2219 turns).

kevlar127 the Ruffian (Troll Berserker)             Turns: 2219, Time: 00:03:24

Health: -3/63      AC:  4    Str: 28    XL:     6   Next: 82%
Magic:  5/5        EV: 10    Int:  3    God:    Trog [**....]
Gold:   183        SH:  0    Dex:  9    Spells: 5/5 levels left

rFire   . . .      SeeInvis .     - Unarmed
rCold   . . .      Faith    .   (no shield)
rNeg    . . .      Spirit   .   a - +0 animal skin
rPois   .          Reflect  .   (helmet restricted)
rElec   .          Harm     .   (no cloak)
rCorr   .          Rampage  .   (gloves unavailable)
Will    ++...                   (boots unavailable)
Stlth   +.........              (no amulet)
HPRegen 2.00/turn               (no ring)
MPRegen 0.09/turn               (no ring)

@: strong-willed, regenerating
A: large, unfitting armour, claws 3, regeneration 1, shaggy fur 1, tough skin 1
a: Renounce Religion, Berserk, Trog's Hand


You were on level 4 of the Dungeon.
You worshipped Trog.
Trog was pleased with you.
You visited 1 branch of the dungeon, and saw 4 of its levels.

You collected 183 gold pieces.

Inventory:

Missiles
 k - 33 stones (quivered)
 l - 2 poisoned darts
 u - 6 curare-tipped darts
 w - a boomerang
Armour
 a - a +0 animal skin (worn)
Jewellery
 q - an amulet of magic regeneration
 s - a +6 ring of strength
Wands
 t - a wand of roots (5)
 x - a wand of charming (9)
Scrolls
 b - 3 scrolls of identify {unknown}
 d - 5 scrolls of teleportation {unknown}
 g - a scroll of summoning {unknown}
 j - a scroll of blinking {unknown}
 p - a scroll of fear {unknown}
 r - 3 scrolls of enchant weapon {unknown}
Potions
 c - 3 potions of curing {unknown}
 e - 3 potions of degeneration {unknown}
 f - a potion of flight {unknown}
 h - a potion of brilliance {unknown}
 i - a potion of resistance {unknown}
 m - 2 potions of mutation {unknown}
 n - a potion of might
 o - a potion of heal wounds {unknown}
 v - a potion of magic {unknown}


   Skills:
 + Level 4.7 Fighting
 - Level 3.0 Dodging
 + Level 5.7 Unarmed Combat


You had 5 spell levels left.
You didn't know any spells.
Your spell library was empty.

Dungeon Overview and Level Annotations

Branches:
Dungeon (4/15)
 Temple: D:4-7

Altars:
Zin

Annotations:
D:4 Menkaure


Innate Abilities, Weirdness & Mutations

You are too large for most types of armour.
You have claws for hands.
Your natural rate of healing is unusually fast.
You are covered in fur. (AC +1)
You have tough skin. (AC +1)


Message History

No target in view!
x - a wand of charming (9)
You see here a +0 flail.
Menkaure, Prince of Dust comes into view.
Menkaure shouts!
Menkaure is nearby!
Menkaure is nearby!
Menkaure is nearby!
Menkaure is nearby!
Menkaure is nearby!
Menkaure casts a spell.
Menkaure seems to speed up.
Menkaure calls on the powers of darkness!
Your body is wracked with pain!
Menkaure hits you! Menkaure hits you!!
* * * LOW HITPOINT WARNING * * *
You are too injured to fight recklessly!
You are too injured to fight recklessly!
You are too injured to fight recklessly!
You are too injured to fight recklessly!
You are too injured to fight recklessly!
You are too injured to fight recklessly!
You are too injured to fight recklessly!
You are too injured to fight recklessly!
You are too injured to fight recklessly!
You are too injured to fight recklessly!
You are too injured to fight recklessly!
You are too injured to fight recklessly!
You are too injured to fight recklessly!
You are too injured to fight recklessly!
You are too injured to fight recklessly!
You are too injured to fight recklessly!
You are too injured to fight recklessly!
You are too injured to fight recklessly!
You are too injured to fight recklessly!
Unknown command.
Your skin crawls.
You feel strong-willed. Menkaure hits you!
You die...

...................#
##.#..#....#####.###
#.#.......# #.#
##.#.###.#.# #.#
##.#........# #.#
##.......#..# #.#
...#..##.#..# #.#
......> ...# #.#
....#.# #@# ....#
#M# ......# #.#
#.##### #.# .. #..
.## ##. .. . ..


You could see Menkaure (fast).

Vanquished Creatures
  Eustachio (D:4)
  A scorpion (D:4)
  A necrophage (D:3)
  A hound (D:4)
  Jessica (D:2)
  An iguana (D:4)
  Natasha (D:4)
  3 adders
  6 orcs
  4 endoplasms
  4 giant cockroaches
  10 goblins
  6 hobgoblins
  4 jackals (D:2)
  6 quokkas
  5 ball pythons
  5 bats
  4 frilled lizards
  6 kobolds
  A rat (D:1)
71 creatures vanquished.

Notes
Turn   | Place    | Note
-------+----------+-------------------------------------------
     0 | D:1      | kevlar127 the Troll Berserker began the quest for the Orb.
     0 | D:1      | Reached XP level 1. HP: 22/22 MP: 0/0
   120 | D:1      | Reached XP level 2. HP: 28/29 MP: 1/1
   399 | D:1      | Reached ** piety under Trog
   400 | D:1      | Reached XP level 3. HP: 36/36 MP: 2/2
   599 | D:2      | Noticed Jessica
   606 | D:2      | Killed Jessica
   868 | D:2      | Reached XP level 4. HP: 45/45 MP: 3/3
  1060 | D:3      | Found a glowing silver altar of Zin.
  1141 | D:3      | Found a faded altar of an unknown god.
  1142 | D:3      | Noticed a necrophage
  1151 | D:3      | Reached skill level 4 in Unarmed Combat
  1152 | D:3      | Killed a necrophage
  1153 | D:3      | Reached XP level 5. HP: 33/53 MP: 4/4
  1580 | D:4      | Reached skill level 5 in Unarmed Combat
  1747 | D:4      | Noticed Eustachio
  1749 | D:4      | Noticed Natasha
  1755 | D:4      | Reached XP level 6. HP: 62/62 MP: 5/5
  1758 | D:4      | Killed Natasha
  1767 | D:4      | Killed Eustachio
  1888 | D:4      | Reached *** piety under Trog
  2214 | D:4      | Noticed Menkaure
  2218 | D:4      | HP: 3/63 [Menkaure (19)]
  2219 | D:4      | Slain by Menkaure

Illustrated notes

Levels and vault maps discovered:
D:1:      kennysheep_arrival_forest, layout_basic
D:2:      layout_basic, uniq_jessica
D:3:      layout_rooms, lemuel_round_altar, dreamdust_ecumenical_altar_statues
D:4:      layout_basic, uniq_menkaure, uniq_natasha, uniq_eustachio,
          uniq_grinder

Skill      XL: |  1  2  3  4  5 |
---------------+----------------+-----
Fighting       | 3 4 |  4.7
Dodging        | 3 |  3.0
Unarmed Combat | 4 5 |  5.7

Action                   |  1- 3 |  4- 6 || total
-------------------------+-------+-------++-------
Melee: Unarmed           |    92 |    94 ||   186
       Punch             |     1 |     2 ||     3
Invok: Trog's Hand       |       |     1 ||     1
 Stab: Sleeping          |     1 |       ||     1
Armor: Animal skin       |    22 |    23 ||    45
Dodge: Dodged            |    55 |    42 ||    97

Table legend: (Time is in decaauts)
 A = Elapsed time spent in this place.
 B = Non-inter-level travel time spent in this place.
 C = Inter-level travel time spent in this place.
 D = Time resting spent in this place.
 E = Time spent auto-exploring this place.
 F = Levels seen in this place.
 G = Mean time per level.
                   A        B        C        D        E       F      G
               +--------+--------+--------+--------+--------+-----+--------+
         Total |   2209 |   2168 |     41 |      0 |   1771 |   4 |  552.2 |
       Dungeon |   2209 |   2168 |     41 |      0 |   1771 |   4 |  552.2 |
               +--------+--------+--------+--------+--------+-----+--------+

Top non-repeatable levels by time:
     D:4: 736 daAuts
     D:1: 594 daAuts
     D:2: 450 daAuts
     D:3: 428 daAuts
